Oilers vs Capitals

Created - December 1, 2016 at 17:13

Goals
1 2 3 T
Oilers 0 0 1 1
Capitals 0 1 1 2
Shots
1 2 3 T
Oilers 4 8 8 20
Capitals 5 8 8 21

1st period

No Goal

Penalties :
Ryan Kesler (WSH) for Roughing (Minor) at 4:06, Derek Dorsett (WSH) for Hooking (Minor) at 8:37, Scottie Upshall (EDM) for Delaying the game (Minor) at 16:15

2nd period

1. Capitals , Viktor Stalberg 7 (Ryan Kesler, Mike Green) at 13:19

Penalties :
Matt Stajan (WSH) for Interference (Minor) at 3:57, Mike Blunden (WSH) for Interference (Minor) at 18:16

3rd period

2. Capitals , Viktor Stalberg 8 (Ryan Kesler, Alexander Ovechkin) at 0:47
3. Oilers , Bo Horvat 7 (Michael Grabner, Marc-Edouard Vlasic) at 7:24

Penalties :
Calvin de Haan (WSH) for Hooking (Minor) at 18:46

Goalie Stats

Martin Jones (EDM), 19 saves from 21 shots - (0.905), L, 20-4-0, 59:14 minutes
Cam Ward (WSH), 19 saves from 20 shots - (0.950), W, 8-4-3, 60:00 minutes

Players Stats for Oilers

Player Name              G  A  P  +/- PIM S  H  SB GA TA FO     MP     PP MP  PK MP  
------------------------------------------------------------------------------------
Aleksander Barkov        0  0  0  -1  0   1  0  0  0  0  12/21  19:40   4:20   0:10 
Alex Petrovic            0  0  0  -2  0   0  6  0  0  0  0/0    18:02   1:48   0:13 
Blake Wheeler            0  0  0  -1  0   2  2  0  0  0  0/0    19:30   4:20   0:00 
Bo Horvat                1  0  1   1  0   2  1  0  0  0  7/18   19:14   4:35   0:00 
Brad Marchand            0  0  0  -1  0   1  4  0  0  0  1/2    20:26   4:20   0:56 
Brian Campbell           0  0  0   1  0   0  0  1  0  0  0/0    20:36   3:22   0:54 
Dominic Moore            0  0  0   0  0   0  0  0  0  0  5/6     7:28   0:00   1:03 
Jannik Hansen            0  0  0   1  0   4  0  0  0  0  1/2    19:14   4:35   0:00 
Jay Beagle               0  0  0  -1  0   1  0  0  0  0  7/11   13:38   0:14   0:46 
Justin Williams          0  0  0  -1  0   4  1  0  0  0  1/2    17:05   4:27   0:00 
Marc-Edouard Vlasic      0  1  1   1  0   0  1  0  0  0  0/0    21:47   4:33   0:54 
Marco Scandella          0  0  0   0  0   1  2  1  0  0  0/0    20:53   3:30   0:52 
Matt Read                0  0  0  -1  0   1  1  0  0  0  0/0    13:14   0:36   0:00 
Matthew Nieto            0  0  0   0  0   1  1  0  0  0  0/1     6:25   0:00   0:00 
Mattias Ekholm           0  0  0   0  0   0  1  1  0  0  0/0    22:14   4:51   0:52 
Michael Grabner          0  1  1   1  0   0  1  0  0  0  1/1    15:42   0:00   1:03 
Nicklas Grossmann        0  0  0  -2  0   1  0  1  0  0  0/0    16:28   0:14   0:13 
Scottie Upshall          0  0  0   0  2   1  0  0  0  0  0/0     6:24   0:00   0:00 

Players Stats for Capitals

Player Name              G  A  P  +/- PIM S  H  SB GA TA FO     MP     PP MP  PK MP  
------------------------------------------------------------------------------------
Alexander Ovechkin       0  1  1   2  0   3  2  0  0  0  0/0    14:23   0:27   0:43 
Andrew Desjardins        0  0  0   0  0   0  1  0  0  0  0/1    16:28   0:00   0:00 
Calvin de Haan           0  0  0   0  2   0  1  0  0  0  0/0    21:01   1:32   3:48 
Cody Eakin               0  0  0   0  0   0  0  0  0  0  1/13   13:09   0:27   6:55 
David Desharnais         0  0  0  -1  0   1  0  0  0  0  6/17   17:10   1:32   2:14 
Derek Dorsett            0  0  0   0  2   0  1  0  0  0  0/1     7:58   0:27   1:45 
Dmitri Orlov             0  0  0   1  0   0  0  0  0  0  0/0     4:13   0:00   0:00 
Jack Johnson             0  0  0   0  0   1  1  1  0  0  0/0    16:05   0:00   0:23 
Jiri Tlusty              0  0  0   0  0   1  1  0  0  0  0/0    16:28   0:00   0:00 
Matt Stajan              0  0  0   0  2   2  0  0  0  0  8/14   16:27   0:00   0:00 
Mike Blunden             0  0  0  -1  2   0  3  0  0  0  1/1    13:23   0:00   0:00 
Mike Green               0  1  1   2  0   0  1  0  0  0  0/0    23:01   0:27   4:34 
Morgan Rielly            0  0  0  -1  0   0  1  3  0  0  0/0    20:35   1:32   4:46 
Ryan Kesler              0  2  2   2  2   6  1  0  0  0  13/16  18:59   0:00   0:00 
Ryan McDonagh            0  0  0   1  0   0  0  1  0  0  0/0    19:54   0:27   4:47 
Ryan Murphy              0  0  0  -1  0   1  0  1  0  0  0/0    15:10   0:00   0:00 
Taylor Hall              0  0  0  -1  0   4  1  0  0  0  0/1    21:37   1:32   6:41 
Viktor Stalberg          2  0  2   2  0   2  2  0  0  0  0/0    14:45   1:32   0:00 

3 Stars

1 - Viktor Stalberg (WSH)
2 - Cam Ward (WSH)
3 - Bo Horvat (EDM)

Power Play

Oilers - 0 on 5 Attempt(s) - 0.00%
Capitals - 0 on 1 Attempt(s) - 0.00%

Penalty Kill

Oilers - 1 on 1 Attempt(s) - 100.00% - Score 0 goal in Penalty Kill
Capitals - 5 on 5 Attempt(s) - 100.00% - Score 0 goal in Penalty Kill

Team Stat

Oilers - Hits : 21 - Faceoff Wins : 35 - Blocked Shots : 4 - Penalty Minutes : 2
Capitals - Hits : 16 - Faceoff Wins : 29 - Blocked Shots : 6 - Penalty Minutes : 10

Official

Referees : Trevor Hanson and Dennis LaRue
Linesman : Brian Murphy and Jay Sharrers

Game Notes

No Game Note

Finance

Level 1 -- Attendance: 2170 (33.38%) -- Ticket Income $542,500
Level 2 -- Attendance: 1597 (31.94%) -- Ticket Income $319,400
Level 3 -- Attendance: 873 (24.94%) -- Ticket Income $152,775
Level 4 -- Attendance: 698 (27.85%) -- Ticket Income $104,700
Luxury Box -- Attendance: 396 (39.60%) -- Ticket Income $158,400
Game was played at the Verizon Center.
Total Attendance: 5734 (30.98%)
Total Ticket Income: $1,277,775
Other Income: $191,666
Total Income: $1,469,441

% Time on Ice - Oilers

Lines # - Real PCT - Wanted PCT - Time Play
Normal Forward
1 - 31% - 34% - 15:10
2 - 30% - 32% - 14:39
3 - 26% - 27% - 12:38
4 - 13% - 7% - 6:25
Normal Defense
1 - 33% - 34% - 16:20
2 - 34% - 33% - 16:31
3 - 33% - 33% - 16:01
4 - 0% - 0% - 0:00
PP Forward
1 - 47% - 55% - 4:20
2 - 53% - 45% - 4:49
PP Defense
1 - 59% - 50% - 5:25
2 - 41% - 50% - 3:44
PK Forward
1 - 61% - 55% - 1:13
2 - 39% - 45% - 0:46
PK Defense
1 - 45% - 50% - 0:54
2 - 55% - 50% - 1:05
PK3 Forward
1 - 0% - 60%
2 - 0% - 40%
PK3 Defense
1 - 0% - 50%
2 - 0% - 50%
44 Forward
1 - 0% - 50%
2 - 0% - 50%
44 Defense
1 - 0% - 50%
2 - 0% - 50%
Last Minute Offensive  - 0:00
Last Minute Defensive  - 0:00
Total
Forward - 60:00
Defense - 60:00

% Time on Ice - Capitals

Lines # - Real PCT - Wanted PCT - Time Play
Normal Forward
1 - 27% - 33% - 13:13
2 - 27% - 30% - 13:24
3 - 34% - 22% - 16:28
4 - 12% - 15% - 5:47
Normal Defense
1 - 28% - 33% - 13:47
2 - 31% - 26% - 15:10
3 - 32% - 26% - 15:42
4 - 9% - 15% - 4:13
PP Forward
1 - 77% - 60% - 1:32
2 - 23% - 40% - 0:27
PP Defense
1 - 23% - 60% - 0:27
2 - 77% - 40% - 1:32
PK Forward
1 - 76% - 60% - 6:55
2 - 24% - 40% - 2:14
PK Defense
1 - 48% - 60% - 4:23
2 - 52% - 40% - 4:46
PK3 Forward
1 - 0% - 60%
2 - 0% - 40%
PK3 Defense
1 - 0% - 60%
2 - 0% - 40%
44 Forward
1 - 0% - 60%
2 - 0% - 40%
44 Defense
1 - 0% - 60%
2 - 0% - 40%
Last Minute Offensive  - 0:00
Last Minute Defensive  - 0:00
Total
Forward - 60:00
Defense - 60:00

Play by Play

1st period


0:01 of 1st period - Ryan Kesler wins face-off versus Aleksander Barkov in neutral zone.
0:09 of 1st period - Shot by Ryan Kesler.
0:09 of 1st period - Stopped by Martin Jones without a rebound.
0:10 of 1st period - David Desharnais wins face-off versus Jannik Hansen in Oilers zone.
0:10 of 1st period - David Desharnais is hit by Mattias Ekholm.
1:25 of 1st period - Andrew Desjardins is hit by Marco Scandella and loses puck.
2:30 of 1st period - Shot by Alexander Ovechkin.
2:30 of 1st period - Stopped by Martin Jones without a rebound.
2:31 of 1st period - Brad Marchand wins face-off versus David Desharnais in Oilers zone.
2:50 of 1st period - Shot by Blake Wheeler.
2:50 of 1st period - Stopped by Cam Ward without a rebound.
2:51 of 1st period - Matt Stajan wins face-off versus Jay Beagle in Capitals zone.
3:54 of 1st period - Calvin de Haan is hit by Brad Marchand and loses puck.
4:06 of 1st period - Minor Penalty to Ryan Kesler for Roughing.
4:07 of 1st period - Aleksander Barkov wins face-off versus Cody Eakin in Capitals zone.
4:10 of 1st period - Shot by Blake Wheeler.
4:10 of 1st period - Shot Misses the Net.
4:12 of 1st period - Shot by Blake Wheeler.
4:12 of 1st period - Deflect By Brad Marchand.
4:12 of 1st period - Shot Misses the Net.
4:14 of 1st period - Shot by Aleksander Barkov.
4:14 of 1st period - Shot Misses the Net.
4:54 of 1st period - Shot by David Desharnais.
4:54 of 1st period - Stopped by Martin Jones without a rebound.
4:55 of 1st period - Bo Horvat wins face-off versus David Desharnais in Oilers zone.
5:42 of 1st period - Off-side.
5:43 of 1st period - Aleksander Barkov wins face-off versus Cody Eakin in neutral zone.
5:52 of 1st period - Shot by Aleksander Barkov.
5:52 of 1st period - Shot Blocked by Ryan McDonagh.
8:04 of 1st period - Shot by Taylor Hall.
8:04 of 1st period - Stopped by Martin Jones without a rebound.
8:05 of 1st period - Aleksander Barkov wins face-off versus Matt Stajan in Oilers zone.
8:14 of 1st period - Shot by Aleksander Barkov.
8:14 of 1st period - Shot Misses the Net.
8:34 of 1st period - Icing by Marco Scandella.
8:35 of 1st period - Aleksander Barkov wins face-off versus Cody Eakin in Oilers zone.
8:37 of 1st period - Minor Penalty to Derek Dorsett for Hooking.
8:38 of 1st period - Bo Horvat wins face-off versus Cody Eakin in Capitals zone.
10:40 of 1st period - Icing by Mike Green.
10:41 of 1st period - Matt Stajan wins face-off versus Matthew Nieto in Capitals zone.
11:04 of 1st period - Shot by Matthew Nieto.
11:04 of 1st period - Stopped by Cam Ward without a rebound.
11:05 of 1st period - Ryan Kesler wins face-off versus Aleksander Barkov in Capitals zone.
11:22 of 1st period - Blake Wheeler is hit by Mike Green and loses puck.
13:13 of 1st period - Shot by Taylor Hall.
13:13 of 1st period - Stopped by Martin Jones without a rebound.
13:14 of 1st period - Jay Beagle wins face-off versus Cody Eakin in Oilers zone.
13:16 of 1st period - Icing by Marco Scandella.
13:17 of 1st period - David Desharnais wins face-off versus Jay Beagle in Oilers zone.
14:15 of 1st period - Mattias Ekholm is hit by Derek Dorsett and loses puck.
14:30 of 1st period - Cody Eakin is hit by Matt Read and loses puck.
15:42 of 1st period - Andrew Desjardins is hit by Blake Wheeler.
16:02 of 1st period - Shot by Jannik Hansen.
16:02 of 1st period - Shot Misses the Net.
16:12 of 1st period - Shot by Bo Horvat.
16:12 of 1st period - Deflect By Jannik Hansen.
16:12 of 1st period - Stopped by Cam Ward without a rebound.
16:13 of 1st period - Dominic Moore wins face-off versus David Desharnais in Capitals zone.
16:13 of 1st period - Scottie Upshall is hit by Morgan Rielly and loses puck.
16:15 of 1st period - Minor Penalty to Scottie Upshall for Delaying the game.
16:16 of 1st period - Dominic Moore wins face-off versus Taylor Hall in Oilers zone.
16:16 of 1st period - Dominic Moore is hit by Viktor Stalberg.
17:30 of 1st period - Shot by Jay Beagle.
17:30 of 1st period - Shot Misses the Net.
17:32 of 1st period - Shot by Jay Beagle.
17:32 of 1st period - Shot Misses the Net.
17:42 of 1st period - Marco Scandella is hit by Viktor Stalberg and loses puck.
18:12 of 1st period - Shot by Mike Green.
18:12 of 1st period - Shot Blocked by Mattias Ekholm.
18:14 of 1st period - Shot by Ryan McDonagh.
18:14 of 1st period - Shot Misses the Net.
18:33 of 1st period - Jiri Tlusty is hit by Alex Petrovic and loses puck.
19:28 of 1st period - Shot by Jannik Hansen.
19:28 of 1st period - Shot Misses the Net.
19:30 of 1st period - Shot by Bo Horvat.
19:30 of 1st period - Stopped by Cam Ward with a rebound.
Goals for this period are 0 for Oilers vs 0 for Capitals.
Shots for this period are 4 for Oilers vs 5 for Capitals.

2nd period


0:01 of 2nd period - Ryan Kesler wins face-off versus Aleksander Barkov in neutral zone.
0:10 of 2nd period - Shot by Ryan Kesler.
0:10 of 2nd period - Stopped by Martin Jones without a rebound.
0:11 of 2nd period - Jay Beagle wins face-off versus David Desharnais in Oilers zone.
0:29 of 2nd period - Off-side.
0:30 of 2nd period - Ryan Kesler wins face-off versus Aleksander Barkov in neutral zone.
0:30 of 2nd period - Alexander Ovechkin is hit by Brad Marchand and loses puck.
0:46 of 2nd period - Viktor Stalberg is hit by Marco Scandella and loses puck.
0:54 of 2nd period - Aleksander Barkov is hit by Jack Johnson.
1:01 of 2nd period - Icing by Ryan Kesler.
1:02 of 2nd period - Ryan Kesler wins face-off versus Bo Horvat in Capitals zone.
1:13 of 2nd period - Shot by Alexander Ovechkin.
1:13 of 2nd period - Shot Misses the Net.
1:15 of 2nd period - Shot by Ryan Kesler.
1:15 of 2nd period - Shot Misses the Net.
1:17 of 2nd period - Shot by Alexander Ovechkin.
1:17 of 2nd period - Shot Misses the Net.
1:19 of 2nd period - Shot by Viktor Stalberg.
1:19 of 2nd period - Deflect By Ryan Kesler.
1:19 of 2nd period - Stopped by Martin Jones without a rebound.
1:20 of 2nd period - Jay Beagle wins face-off versus David Desharnais in Oilers zone.
1:20 of 2nd period - Jay Beagle is hit by Mike Blunden.
1:28 of 2nd period - Shot by Justin Williams.
1:28 of 2nd period - Shot Misses the Net.
2:55 of 2nd period - Shot by Brad Marchand.
2:55 of 2nd period - Stopped by Cam Ward without a rebound.
2:56 of 2nd period - Ryan Kesler wins face-off versus Bo Horvat in Capitals zone.
2:58 of 2nd period - Icing by Morgan Rielly.
2:59 of 2nd period - Ryan Kesler wins face-off versus Bo Horvat in Capitals zone.
3:10 of 2nd period - Shot by Ryan Kesler.
3:10 of 2nd period - Shot Misses the Net.
3:28 of 2nd period - Shot by Ryan Murphy.
3:28 of 2nd period - Stopped by Martin Jones without a rebound.
3:29 of 2nd period - Aleksander Barkov wins face-off versus Matt Stajan in Oilers zone.
3:48 of 2nd period - Shot by Matt Stajan.
3:48 of 2nd period - Shot Misses the Net.
3:57 of 2nd period - Minor Penalty to Matt Stajan for Interference.
3:58 of 2nd period - Justin Williams wins face-off versus Cody Eakin in Capitals zone.
5:12 of 2nd period - Shot by Blake Wheeler.
5:12 of 2nd period - Shot Misses the Net.
6:21 of 2nd period - Shot by Jiri Tlusty.
6:21 of 2nd period - Shot Misses the Net.
6:27 of 2nd period - Shot by Matt Stajan.
6:27 of 2nd period - Shot Misses the Net.
6:51 of 2nd period - Matt Read is hit by Ryan Kesler and loses puck.
7:04 of 2nd period - Shot by Justin Williams.
7:04 of 2nd period - Stopped by Cam Ward without a rebound.
7:05 of 2nd period - Aleksander Barkov wins face-off versus David Desharnais in Capitals zone.
7:10 of 2nd period - Shot by Brad Marchand.
7:10 of 2nd period - Shot Misses the Net.
7:33 of 2nd period - Shot by Taylor Hall.
7:33 of 2nd period - Stopped by Martin Jones with a rebound.
7:35 of 2nd period - Shot by Calvin de Haan.
7:35 of 2nd period - Shot Misses the Net.
7:37 of 2nd period - Shot by Jack Johnson.
7:37 of 2nd period - Stopped by Martin Jones without a rebound.
7:38 of 2nd period - Ryan Kesler wins face-off versus Bo Horvat in Oilers zone.
8:06 of 2nd period - Shot by Alexander Ovechkin.
8:06 of 2nd period - Stopped by Martin Jones without a rebound.
8:07 of 2nd period - Matt Stajan wins face-off versus Aleksander Barkov in Oilers zone.
8:28 of 2nd period - Shot by Blake Wheeler.
8:28 of 2nd period - Shot Misses the Net.
8:33 of 2nd period - Jiri Tlusty is hit by Alex Petrovic.
8:41 of 2nd period - Shot by Aleksander Barkov.
8:41 of 2nd period - Shot Misses the Net.
8:48 of 2nd period - Matt Stajan is hit by Alex Petrovic and loses puck.
8:56 of 2nd period - Icing by Nicklas Grossmann.
8:57 of 2nd period - Ryan Kesler wins face-off versus Aleksander Barkov in Oilers zone.
9:03 of 2nd period - Ryan Kesler is hit by Alex Petrovic.
9:14 of 2nd period - Ryan Kesler is hit by Alex Petrovic and loses puck.
9:41 of 2nd period - Shot by Alexander Ovechkin.
9:41 of 2nd period - Stopped by Martin Jones without a rebound.
9:42 of 2nd period - David Desharnais wins face-off versus Bo Horvat in Oilers zone.
10:13 of 2nd period - Shot by Jannik Hansen.
10:13 of 2nd period - Stopped by Cam Ward without a rebound.
10:14 of 2nd period - Jay Beagle wins face-off versus Matt Stajan in Capitals zone.
10:15 of 2nd period - Shot by Justin Williams.
10:15 of 2nd period - Shot Misses the Net.
10:17 of 2nd period - Shot by Jay Beagle.
10:17 of 2nd period - Stopped by Cam Ward with a rebound.
10:25 of 2nd period - Shot by Justin Williams.
10:25 of 2nd period - Shot Misses the Net.
11:38 of 2nd period - Shot by Jannik Hansen.
11:38 of 2nd period - Shot Blocked by Ryan Murphy.
12:23 of 2nd period - Off-side.
12:24 of 2nd period - David Desharnais wins face-off versus Dominic Moore in neutral zone.
12:24 of 2nd period - David Desharnais is hit by Matthew Nieto.
12:27 of 2nd period - Taylor Hall is hit by Marc-Edouard Vlasic and loses puck.
12:57 of 2nd period - Off-side.
12:58 of 2nd period - Aleksander Barkov wins face-off versus Ryan Kesler in neutral zone.
13:08 of 2nd period - Aleksander Barkov is hit by Alexander Ovechkin and loses puck.
13:17 of 2nd period - Shot by Ryan Kesler.
13:17 of 2nd period - Shot Blocked by Nicklas Grossmann.
13:19 of 2nd period - Shot by Viktor Stalberg.
13:19 of 2nd period - Goal by Viktor Stalberg - Oilers : 0 - Capitals : 1.
13:20 of 2nd period - Michael Grabner wins face-off versus Derek Dorsett in neutral zone.
14:27 of 2nd period - Shot by Aleksander Barkov.
14:27 of 2nd period - Shot Misses the Net.
14:29 of 2nd period - Shot by Blake Wheeler.
14:29 of 2nd period - Shot Blocked by Jack Johnson.
14:31 of 2nd period - Shot by Aleksander Barkov.
14:31 of 2nd period - Stopped by Cam Ward without a rebound.
14:32 of 2nd period - David Desharnais wins face-off versus Jay Beagle in Capitals zone.
14:49 of 2nd period - Shot by Justin Williams.
14:49 of 2nd period - Stopped by Cam Ward without a rebound.
14:50 of 2nd period - Aleksander Barkov wins face-off versus Andrew Desjardins in Capitals zone.
14:59 of 2nd period - Shot by Aleksander Barkov.
14:59 of 2nd period - Shot Blocked by Morgan Rielly.
15:19 of 2nd period - Shot by Andrew Desjardins.
15:19 of 2nd period - Shot Hit the Post.
15:21 of 2nd period - Shot by Jiri Tlusty.
15:21 of 2nd period - Shot Misses the Net.
15:23 of 2nd period - Shot by Morgan Rielly.
15:23 of 2nd period - Shot Blocked by Brian Campbell.
17:48 of 2nd period - Shot by Scottie Upshall.
17:48 of 2nd period - Shot Blocked by Morgan Rielly.
18:16 of 2nd period - Minor Penalty to Mike Blunden for Interference.
18:17 of 2nd period - Aleksander Barkov wins face-off versus Cody Eakin in Capitals zone.
18:18 of 2nd period - Shot by Blake Wheeler.
18:18 of 2nd period - Shot Misses the Net.
19:08 of 2nd period - Off-side.
19:09 of 2nd period - Bo Horvat wins face-off versus David Desharnais in neutral zone.
19:22 of 2nd period - Shot by Justin Williams.
19:22 of 2nd period - Stopped by Cam Ward without a rebound.
19:23 of 2nd period - Jannik Hansen wins face-off versus Cody Eakin in Capitals zone.
19:44 of 2nd period - Shot by Jannik Hansen.
19:44 of 2nd period - Stopped by Cam Ward with a rebound.
Goals for this period are 0 for Oilers vs 1 for Capitals.
Shots for this period are 8 for Oilers vs 8 for Capitals.

3rd period


0:01 of 3rd period - Aleksander Barkov wins face-off versus Cody Eakin in neutral zone.
0:01 of 3rd period - Aleksander Barkov is hit by Taylor Hall.
0:15 of 3rd period - Cody Eakin is hit by Blake Wheeler and loses puck.
0:38 of 3rd period - Shot by Alexander Ovechkin.
0:38 of 3rd period - Shot Misses the Net.
0:45 of 3rd period - Shot by Alexander Ovechkin.
0:45 of 3rd period - Deflect By Ryan Kesler.
0:45 of 3rd period - Shot Misses the Net.
0:47 of 3rd period - Shot by Viktor Stalberg.
0:47 of 3rd period - Goal by Viktor Stalberg - Oilers : 0 - Capitals : 2.
0:48 of 3rd period - David Desharnais wins face-off versus Brad Marchand in neutral zone.
0:53 of 3rd period - Shot by Taylor Hall.
0:53 of 3rd period - Shot Misses the Net.
0:58 of 3rd period - Off-side.
0:59 of 3rd period - Matt Stajan wins face-off versus Bo Horvat in neutral zone.
1:24 of 3rd period - Shot by Bo Horvat.
1:24 of 3rd period - Shot Misses the Net.
2:28 of 3rd period - Shot by Viktor Stalberg.
2:28 of 3rd period - Shot Misses the Net.
2:32 of 3rd period - Shot by Viktor Stalberg.
2:32 of 3rd period - Shot Blocked by Marco Scandella.
2:46 of 3rd period - Mattias Ekholm is hit by Mike Blunden and loses puck.
3:20 of 3rd period - Icing by Blake Wheeler.
3:21 of 3rd period - Matt Stajan wins face-off versus Aleksander Barkov in Oilers zone.
3:52 of 3rd period - Shot by Justin Williams.
3:52 of 3rd period - Shot Misses the Net.
3:54 of 3rd period - Shot by Matt Read.
3:54 of 3rd period - Shot Misses the Net.
3:56 of 3rd period - Shot by Nicklas Grossmann.
3:56 of 3rd period - Stopped by Cam Ward without a rebound.
3:57 of 3rd period - Ryan Kesler wins face-off versus Bo Horvat in Capitals zone.
4:03 of 3rd period - Icing by Ryan McDonagh.
4:04 of 3rd period - Bo Horvat wins face-off versus Ryan Kesler in Capitals zone.
4:05 of 3rd period - Shot by Michael Grabner.
4:05 of 3rd period - Shot Misses the Net.
4:23 of 3rd period - Icing by Brian Campbell.
4:24 of 3rd period - Mike Blunden wins face-off versus Bo Horvat in Oilers zone.
4:54 of 3rd period - Icing by Taylor Hall.
4:55 of 3rd period - Jay Beagle wins face-off versus David Desharnais in Capitals zone.
4:56 of 3rd period - Shot by Justin Williams.
4:56 of 3rd period - Shot Misses the Net.
5:10 of 3rd period - Shot by Justin Williams.
5:10 of 3rd period - Stopped by Cam Ward without a rebound.
5:11 of 3rd period - Ryan Kesler wins face-off versus Aleksander Barkov in Capitals zone.
5:47 of 3rd period - Brad Marchand is hit by Alexander Ovechkin and loses puck.
6:03 of 3rd period - Icing by Mike Green.
6:04 of 3rd period - Ryan Kesler wins face-off versus Justin Williams in Capitals zone.
6:04 of 3rd period - Ryan Kesler is hit by Justin Williams.
6:25 of 3rd period - Icing by Matt Read.
6:26 of 3rd period - Jay Beagle wins face-off versus David Desharnais in Oilers zone.
7:24 of 3rd period - Shot by Bo Horvat.
7:24 of 3rd period - Goal by Bo Horvat - Oilers : 1 - Capitals : 2.
7:25 of 3rd period - Matt Stajan wins face-off versus Aleksander Barkov in neutral zone.
7:52 of 3rd period - Andrew Desjardins is hit by Brad Marchand and loses puck.
8:22 of 3rd period - Cody Eakin is hit by Brad Marchand and loses puck.
9:07 of 3rd period - Morgan Rielly is hit by Michael Grabner and loses puck.
9:38 of 3rd period - Shot by Matt Read.
9:38 of 3rd period - Stopped by Cam Ward without a rebound.
9:39 of 3rd period - Dominic Moore wins face-off versus Matt Stajan in Capitals zone.
9:39 of 3rd period - Dominic Moore is hit by Calvin de Haan.
9:41 of 3rd period - Shot by Scottie Upshall.
9:41 of 3rd period - Stopped by Cam Ward without a rebound.
9:42 of 3rd period - Jay Beagle wins face-off versus Matt Stajan in Capitals zone.
11:39 of 3rd period - Shot by Aleksander Barkov.
11:39 of 3rd period - Deflect By Blake Wheeler.
11:39 of 3rd period - Stopped by Cam Ward without a rebound.
11:40 of 3rd period - Dominic Moore wins face-off versus David Desharnais in Capitals zone.
12:04 of 3rd period - Scottie Upshall is hit by Mike Blunden and loses puck.
12:53 of 3rd period - Shot by Jiri Tlusty.
12:53 of 3rd period - Stopped by Martin Jones without a rebound.
12:54 of 3rd period - Bo Horvat wins face-off versus Ryan Kesler in Oilers zone.
13:30 of 3rd period - Shot by Ryan Kesler.
13:30 of 3rd period - Shot Misses the Net.
15:18 of 3rd period - Shot by Jay Beagle.
15:18 of 3rd period - Shot Blocked by Morgan Rielly.
15:55 of 3rd period - Shot by Ryan Kesler.
15:55 of 3rd period - Stopped by Martin Jones without a rebound.
15:56 of 3rd period - Matt Stajan wins face-off versus Bo Horvat in Oilers zone.
15:59 of 3rd period - Shot by Matt Stajan.
15:59 of 3rd period - Stopped by Martin Jones with a rebound.
16:13 of 3rd period - Shot by Jiri Tlusty.
16:13 of 3rd period - Deflect By Matt Stajan.
16:13 of 3rd period - Stopped by Martin Jones without a rebound.
16:14 of 3rd period - Aleksander Barkov wins face-off versus Cody Eakin in Oilers zone.
16:40 of 3rd period - Ryan Kesler is hit by Alex Petrovic and loses puck.
16:49 of 3rd period - Shot by Ryan Kesler.
16:49 of 3rd period - Stopped by Martin Jones without a rebound.
16:50 of 3rd period - Bo Horvat wins face-off versus Matt Stajan in Oilers zone.
16:50 of 3rd period - Bo Horvat is hit by Andrew Desjardins.
17:06 of 3rd period - Shot by Bo Horvat.
17:06 of 3rd period - Deflect By Jannik Hansen.
17:06 of 3rd period - Stopped by Cam Ward without a rebound.
17:07 of 3rd period - Dominic Moore wins face-off versus David Desharnais in Capitals zone.
17:20 of 3rd period - Shot by Matthew Nieto.
17:20 of 3rd period - Shot Misses the Net.
17:41 of 3rd period - Shot by Taylor Hall.
17:41 of 3rd period - Stopped by Martin Jones without a rebound.
17:42 of 3rd period - Ryan Kesler wins face-off versus Bo Horvat in Oilers zone.
17:53 of 3rd period - Shot by Alexander Ovechkin.
17:53 of 3rd period - Shot Misses the Net.
17:55 of 3rd period - Shot by Ryan Kesler.
17:55 of 3rd period - Stopped by Martin Jones without a rebound.
17:56 of 3rd period - Matt Stajan wins face-off versus Jay Beagle in Oilers zone.
18:06 of 3rd period - Mattias Ekholm is hit by Jiri Tlusty and loses puck.
18:46 of 3rd period - Minor Penalty to Calvin de Haan for Hooking.
18:47 of 3rd period - Aleksander Barkov wins face-off versus Cody Eakin in Capitals zone.
19:00 of 3rd period - Oilers, Martin Jones is pulled from the net.
19:10 of 3rd period - Shot by Marco Scandella.
19:10 of 3rd period - Stopped by Cam Ward without a rebound.
19:11 of 3rd period - Cody Eakin wins face-off versus Bo Horvat in Capitals zone.
19:34 of 3rd period - Icing by Bo Horvat.
19:35 of 3rd period - Martin Jones from Oilers was sent back in the game.
19:35 of 3rd period - Bo Horvat wins face-off versus Cody Eakin in Oilers zone.
19:46 of 3rd period - Cody Eakin is hit by Bo Horvat and loses puck.
19:49 of 3rd period - Oilers, Martin Jones is pulled from the net.
Goals for this period are 1 for Oilers vs 1 for Capitals.
Shots for this period are 8 for Oilers vs 8 for Capitals.